 Dungeon Crawl Stone Soup version 0.29.0-4-gdea44cf6ec (webtiles) character file.

Game seed: 15902159767188124194

61 qw the Caller (level 4, 0/36 HPs)
             Began as a Ghoul Summoner on Sept 9, 2022.
             Slain by a gnoll
             ... wielding a +0 spear
              (6 damage)
             ... on level 2 of the Dungeon.
             The game lasted 00:01:09 (2531 turns).

qw the Caller (Ghoul Summoner)                      Turns: 2531, Time: 00:01:10

Health: 0/36       AC:  6    Str: 12 (13) XL:     4   Next: 7%
Magic:  0/5        EV: 10    Int: 10      God:
Gold:   79         SH:  0    Dex:  9      Spells: 5/6 levels left

rFire   . . .      SeeInvis .   Y - +1 whip
rCold   + + .      Faith    .   (no shield)
rNeg    + + +      Spirit   .   f - +0 ring mail
rPois   inf        Reflect  .   l - +0 helmet
rElec   .          Harm     .   (no cloak)
rCorr   .          Rampage  .   (no gloves)
Will    .....                   (no boots)
Stlth   +.........              (no amulet)
HPRegen 0.00/turn               c - ring of protection from cold
MPRegen 0.09/turn               (no ring)

@: inhibited regen
A: claws 1, cold resistance 1, negative energy resistance 3, inhibited
regeneration, torment resistance 2, devour on kill
a: no special abilities


You were on level 2 of the Dungeon.
You visited 1 branch of the dungeon, and saw 2 of its levels.

You collected 79 gold pieces.


Innate Abilities, Weirdness & Mutations

You are immune to poison.
You have sharp fingernails.
Your flesh is cold resistant. (rC+)
You are immune to negative energy. (rN+++)
You do not regenerate when monsters are visible.
You are immune to unholy pain and torment.
You thrive by killing the living.


   Skills:
 - Level 2.0 Fighting
 + Level 2.6 Axes
 - Level 1.7 Dodging
 - Level 2.1 Stealth
 - Level 1.7 Spellcasting
 - Level 3.6 Summonings


You had 5 spell levels left.
You knew the following spells:

 Your Spells              Type           Power      Damage    Failure   Level
a - Summon Small Mammal   Summ           32%        N/A       17%         1

Your spell library contained the following spells:

 Spells                   Type           Power      Damage    Failure   Level
 Call Imp                 Summ           8%         N/A       26%         2
 Call Canine Familiar     Summ           8%         N/A       45%         3
 Summon Guardian Golem    Hex/Summ       4%         N/A       71%         3
 Summon Lightning Spire   Summ/Air       4%         N/A       98%         4

Inventory:

Hand Weapons
 Y - a +1 whip (weapon)
Armour
 f - a +0 ring mail (worn)
 l - a +0 helmet (worn)
Jewellery
 c - a ring of protection from cold (left claw)
Scrolls
 a - 2 scrolls of teleportation {unknown}
 b - a scroll of torment {unknown}
 h - a scroll of blinking {unknown}
 k - a scroll of identify {unknown}
Potions
 d - a potion of mutation
 e - a potion of lignification {unknown}
 g - 3 potions of curing {unknown}
 i - a potion of heal wounds {unknown}
 j - a potion of experience {unknown}

Dungeon Overview and Level Annotations

Branches:
Dungeon (2/15)

Altars:


Message History

2520 ||| Stepping ~*~*~tactically~*~*~ (outnumbered).
The rat attacks as you move away! The rat closely misses you.
2521 ||| Stepping ~*~*~tactically~*~*~ (outnumbered).
2522 ||| Stepping ~*~*~tactically~*~*~ (outnumbered).
The rat attacks as you move away! The rat bites you.
The gnoll attacks as you move away! The gnoll closely misses you.
2523 ||| Stepping ~*~*~tactically~*~*~ (outnumbered).
The rat twitches its whiskers.
2524 ||| Stepping ~*~*~tactically~*~*~ (outnumbered).
2525 ||| Stepping ~*~*~tactically~*~*~ (outnumbered).
The rat attacks as you move away! The rat bites you but does no damage.
2526 ||| Stepping ~*~*~tactically~*~*~ (outnumbered).
The rat attacks as you move away! The rat bites you but does no damage.
2527 ||| CASTING Summon Small Mammal
Casting: Summon Small Mammal (safe; 17% risk of failure)
Confirm with . or Enter, or press ? or * to list all spells.
The gnoll hits you from afar with a +0 spear.
The rat bites you but does no damage.
You barely miss the rat. The rat barely misses you.
The gnoll hits you from afar with a +0 spear.
You hit the rat.
You kill the rat!
The gnoll hits you from afar with a +0 spear.
2530 ||| CASTING Summon Small Mammal
Casting: Summon Small Mammal (safe; 17% risk of failure)
Confirm with . or Enter, or press ? or * to list all spells.
The gnoll hits you with a +0 flail! The gnoll hits you but does no damage.
The gnoll completely misses you. Something hits your rat!
Your rat dies!
Your rat's corpse disappears in a puff of smoke!
A jackal comes into view.
You hit the gnoll.
The gnoll is moderately wounded.
The gnoll hits you from afar with a +0 spear.
Something hits your bat!
Your bat dies!
Your bat's corpse disappears in a puff of smoke!
The gnoll hits you from afar with a +0 spear.
You die...

##### ##.....#..............##..#
..#########.....#........######.#
..#.>.........###h##...### #.#
.........##.#.# #.##.### #.#
..#.......#.#.###.#..# #.#
..#.................## ###.#
....)..<..#.#.##....# #....
....#####...#.g¤..#.###### #....
.)#.).####.....#@##......####....
...............#g#######..).#....
..#..........#gg.## ##........
#...........g.....# ####.###....
####..............####....# #....
#>..................#### #....
#..............#.#### #....
#..............#.############.
####.............:#.)............


You could see 3 gnolls and a jackal.

Vanquished Creatures
  An adder (D:2)
  A dart slug (D:1)
  3 ball pythons
  2 endoplasms
  4 giant cockroaches
  3 hobgoblins (D:1)
  2 jackals (D:2)
  7 kobolds
  A quokka (D:1)
  3 goblins
  A rat (D:2)
28 creatures vanquished.

Vanquished Creatures (collateral kills)
  A ball python (D:1)
  2 endoplasms
  A giant cockroach (D:1)
  4 goblins
  A hobgoblin (D:2)
  A jackal (D:2)
  A bat (D:1)
  3 frilled lizards (D:1)
  2 rats (D:1)
16 creatures vanquished.

Grand Total: 44 creatures vanquished

Notes
Turn   | Place    | Note
-------+----------+-------------------------------------------
     0 | D:1      | qw the Ghoul Summoner began the quest for the Orb.
     0 | D:1      | Reached XP level 1. HP: 14/14 MP: 2/2
     0 | D:1      | 0 ||| qw: Version: 0.1-a-113-g051387a
     0 | D:1      | 0 ||| qw: Game counter: 7323
     0 | D:1      | 0 ||| qw: Always use a shield: true
     0 | D:1      | 0 ||| qw: God list: Okawaru
     0 | D:1      | 0 ||| qw: Allow faded altars: false
     0 | D:1      | 0 ||| qw: Do Orc after D:15 true
     0 | D:1      | 0 ||| qw: Do second Lair branch before Depths: true
     0 | D:1      | 0 ||| qw: Lair rune preference: random
     0 | D:1      | 0 ||| qw: Plans: Normal
     0 | D:1      | 0 ||| PLANNING D:1-11
    13 | D:1      | 13 ||| CASTING Summon Small Mammal
    14 | D:1      | 14 ||| CASTING Summon Small Mammal
    20 | D:1      | 20 ||| Stepping ~*~*~tactically~*~*~ (stealth).
    26 | D:1      | 26 ||| CASTING Summon Small Mammal
    38 | D:1      | 38 ||| CASTING Summon Small Mammal
    39 | D:1      | 39 ||| Stepping ~*~*~tactically~*~*~ (stealth).
    47 | D:1      | Reached skill level 1 in Axes
    51 | D:1      | Reached XP level 2. HP: 14/22 MP: 1/3
    84 | D:1      | 84 ||| Stepping ~*~*~tactically~*~*~ (stealth).
    86 | D:1      | 86 ||| CASTING Summon Small Mammal
    88 | D:1      | 88 ||| CASTING Summon Small Mammal
    89 | D:1      | 89 ||| CASTING Summon Small Mammal
   163 | D:1      | 163 ||| Wielding weapon +0 dagger.
   171 | D:1      | 171 ||| SWAPPING to +0 short sword.
   172 | D:1      | 172 ||| DROPPING +0 dagger.
   173 | D:1      | 173 ||| Stepping ~*~*~tactically~*~*~ (stealth).
   196 | D:1      | 196 ||| CASTING Summon Small Mammal
   197 | D:1      | 197 ||| CASTING Summon Small Mammal
   198 | D:1      | 198 ||| CASTING Summon Small Mammal
   232 | D:1      | 232 ||| CASTING Summon Small Mammal
   233 | D:1      | 233 ||| CASTING Summon Small Mammal
   234 | D:1      | 234 ||| CASTING Summon Small Mammal
   239 | D:1      | Reached skill level 1 in Fighting
   272 | D:1      | 272 ||| CASTING Summon Small Mammal
   273 | D:1      | 273 ||| CASTING Summon Small Mammal
   274 | D:1      | 274 ||| CASTING Summon Small Mammal
   284 | D:1      | 284 ||| CASTING Summon Small Mammal
   323 | D:1      | 323 ||| Stepping ~*~*~tactically~*~*~ (hiding).
   324 | D:1      | 324 ||| Stepping ~*~*~tactically~*~*~ (hiding).
   334 | D:1      | 334 ||| CASTING Summon Small Mammal
   335 | D:1      | 335 ||| CASTING Summon Small Mammal
   336 | D:1      | 336 ||| CASTING Summon Small Mammal
   421 | D:1      | 421 ||| CASTING Summon Small Mammal
   422 | D:1      | 422 ||| CASTING Summon Small Mammal
   423 | D:1      | 423 ||| CASTING Summon Small Mammal
   460 | D:1      | 460 ||| CASTING Summon Small Mammal
   461 | D:1      | 461 ||| CASTING Summon Small Mammal
   462 | D:1      | 462 ||| CASTING Summon Small Mammal
   561 | D:1      | 561 ||| CASTING Summon Small Mammal
   562 | D:1      | 562 ||| CASTING Summon Small Mammal
   563 | D:1      | 563 ||| CASTING Summon Small Mammal
   575 | D:1      | 575 ||| CASTING Summon Small Mammal
   604 | D:1      | 604 ||| CASTING Summon Small Mammal
   605 | D:1      | 605 ||| CASTING Summon Small Mammal
   640 | D:1      | 640 ||| CASTING Summon Small Mammal
   641 | D:1      | 641 ||| CASTING Summon Small Mammal
   642 | D:1      | 642 ||| CASTING Summon Small Mammal
   652 | D:1      | 652 ||| CASTING Summon Small Mammal
   861 | D:1      | 861 ||| SWAPPING to +0 whip.
   862 | D:1      | 862 ||| DROPPING +0 short sword.
   883 | D:1      | 883 ||| CASTING Summon Small Mammal
   884 | D:1      | 884 ||| CASTING Summon Small Mammal
   885 | D:1      | 885 ||| CASTING Summon Small Mammal
   937 | D:1      | 937 ||| CASTING Summon Small Mammal
   938 | D:1      | 938 ||| CASTING Summon Small Mammal
   939 | D:1      | 939 ||| CASTING Summon Small Mammal
   946 | D:1      | Reached XP level 3. HP: 28/28 MP: 0/4
   987 | D:1      | 987 ||| CASTING Summon Small Mammal
   988 | D:1      | 988 ||| CASTING Summon Small Mammal
   989 | D:1      | 989 ||| CASTING Summon Small Mammal
   990 | D:1      | 990 ||| CASTING Summon Small Mammal
  1134 | D:1      | 1134 ||| CASTING Summon Small Mammal
  1135 | D:1      | 1135 ||| CASTING Summon Small Mammal
  1136 | D:1      | 1136 ||| CASTING Summon Small Mammal
  1137 | D:1      | 1137 ||| CASTING Summon Small Mammal
  1145 | D:1      | 1145 ||| CASTING Summon Small Mammal
  1258 | D:1      | 1258 ||| CASTING Summon Small Mammal
  1259 | D:1      | 1259 ||| CASTING Summon Small Mammal
  1260 | D:1      | 1260 ||| CASTING Summon Small Mammal
  1261 | D:1      | 1261 ||| CASTING Summon Small Mammal
  1377 | D:1      | 1377 ||| CASTING Summon Small Mammal
  1378 | D:1      | 1378 ||| CASTING Summon Small Mammal
  1379 | D:1      | 1379 ||| CASTING Summon Small Mammal
  1380 | D:1      | 1380 ||| CASTING Summon Small Mammal
  1454 | D:1      | 1454 ||| CASTING Summon Small Mammal
  1455 | D:1      | 1455 ||| CASTING Summon Small Mammal
  1456 | D:1      | 1456 ||| CASTING Summon Small Mammal
  1457 | D:1      | 1457 ||| CASTING Summon Small Mammal
  1520 | D:1      | 1520 ||| UPGRADING to +0 ring mail.
  1530 | D:1      | 1530 ||| DROPPING +0 robe.
  1531 | D:1      | 1531 ||| UPGRADING to +0 helmet.
  1536 | D:1      | 1536 ||| DROPPING orb of energy.
  1537 | D:1      | 1537 ||| UPGRADING to ring of protection from cold.
  1538 | D:1      | 1538 ||| READING scroll labelled QOREVOV ZIWKUBB.
  1539 | D:1      | 1539 ||| READING scroll labelled DABAWEBUANG.
  1640 | D:1      | 1640 ||| READING scroll labelled DOLO GASHYWU.
  1641 | D:1      | 1641 ||| DRINKING 2 puce potions.
  1642 | D:1      | 1642 ||| DROPPING potion of magic.
  1660 | D:2      | 1660 ||| CASTING Summon Small Mammal
  1661 | D:2      | 1661 ||| CASTING Summon Small Mammal
  1662 | D:2      | 1662 ||| CASTING Summon Small Mammal
  1663 | D:2      | 1663 ||| CASTING Summon Small Mammal
  1708 | D:2      | 1708 ||| CASTING Summon Small Mammal
  1709 | D:2      | 1709 ||| CASTING Summon Small Mammal
  1710 | D:2      | 1710 ||| CASTING Summon Small Mammal
  1711 | D:2      | 1711 ||| CASTING Summon Small Mammal
  1772 | D:2      | 1772 ||| CASTING Summon Small Mammal
  1773 | D:2      | 1773 ||| CASTING Summon Small Mammal
  1774 | D:2      | 1774 ||| CASTING Summon Small Mammal
  1775 | D:2      | 1775 ||| CASTING Summon Small Mammal
  1827 | D:2      | 1827 ||| CASTING Summon Small Mammal
  1828 | D:2      | 1828 ||| CASTING Summon Small Mammal
  1829 | D:2      | 1829 ||| CASTING Summon Small Mammal
  1830 | D:2      | 1830 ||| CASTING Summon Small Mammal
  1838 | D:2      | 1838 ||| CASTING Summon Small Mammal
  1891 | D:2      | 1891 ||| CASTING Summon Small Mammal
  1892 | D:2      | 1892 ||| CASTING Summon Small Mammal
  1893 | D:2      | 1893 ||| CASTING Summon Small Mammal
  1894 | D:2      | 1894 ||| CASTING Summon Small Mammal
  1957 | D:2      | 1957 ||| CASTING Summon Small Mammal
  1958 | D:2      | 1958 ||| CASTING Summon Small Mammal
  1959 | D:2      | 1959 ||| CASTING Summon Small Mammal
  1960 | D:2      | 1960 ||| CASTING Summon Small Mammal
  2004 | D:2      | 2004 ||| CASTING Summon Small Mammal
  2005 | D:2      | 2005 ||| CASTING Summon Small Mammal
  2006 | D:2      | 2006 ||| CASTING Summon Small Mammal
  2007 | D:2      | 2007 ||| CASTING Summon Small Mammal
  2049 | D:2      | 2049 ||| Stepping ~*~*~tactically~*~*~ (stealth).
  2050 | D:2      | 2050 ||| Stepping ~*~*~tactically~*~*~ (stealth).
  2058 | D:2      | 2058 ||| Stepping ~*~*~tactically~*~*~ (stealth).
  2064 | D:2      | 2064 ||| CASTING Summon Small Mammal
  2065 | D:2      | 2065 ||| CASTING Summon Small Mammal
  2066 | D:2      | 2066 ||| CASTING Summon Small Mammal
  2067 | D:2      | 2067 ||| CASTING Summon Small Mammal
  2075 | D:2      | 2075 ||| Stepping ~*~*~tactically~*~*~ (stealth).
  2080 | D:2      | 2080 ||| CASTING Summon Small Mammal
  2094 | D:2      | 2094 ||| CASTING Summon Small Mammal
  2097 | D:2      | 2097 ||| CASTING Summon Small Mammal
  2152 | D:2      | 2152 ||| Stepping ~*~*~tactically~*~*~ (stealth).
  2155 | D:2      | 2155 ||| CASTING Summon Small Mammal
  2156 | D:2      | 2156 ||| CASTING Summon Small Mammal
  2157 | D:2      | 2157 ||| CASTING Summon Small Mammal
  2158 | D:2      | 2158 ||| CASTING Summon Small Mammal
  2164 | D:2      | 2164 ||| Stepping ~*~*~tactically~*~*~ (outnumbered).
  2166 | D:2      | 2166 ||| CASTING Summon Small Mammal
  2170 | D:2      | 2170 ||| Stepping ~*~*~tactically~*~*~ (outnumbered).
  2176 | D:2      | Reached XP level 4. HP: 20/36 MP: 0/5
  2177 | D:2      | 2177 ||| CASTING Summon Small Mammal
  2508 | D:2      | 2508 ||| CASTING Summon Small Mammal
  2509 | D:2      | 2509 ||| CASTING Summon Small Mammal
  2510 | D:2      | 2510 ||| CASTING Summon Small Mammal
  2511 | D:2      | 2511 ||| CASTING Summon Small Mammal
  2512 | D:2      | 2512 ||| CASTING Summon Small Mammal
  2515 | D:2      | 2515 ||| Stepping ~*~*~tactically~*~*~ (outnumbered).
  2517 | D:2      | 2517 ||| Stepping ~*~*~tactically~*~*~ (outnumbered).
  2518 | D:2      | 2518 ||| Stepping ~*~*~tactically~*~*~ (outnumbered).
  2519 | D:2      | 2519 ||| Stepping ~*~*~tactically~*~*~ (outnumbered).
  2520 | D:2      | 2520 ||| Stepping ~*~*~tactically~*~*~ (outnumbered).
  2521 | D:2      | 2521 ||| Stepping ~*~*~tactically~*~*~ (outnumbered).
  2522 | D:2      | 2522 ||| Stepping ~*~*~tactically~*~*~ (outnumbered).
  2523 | D:2      | 2523 ||| Stepping ~*~*~tactically~*~*~ (outnumbered).
  2524 | D:2      | 2524 ||| Stepping ~*~*~tactically~*~*~ (outnumbered).
  2525 | D:2      | 2525 ||| Stepping ~*~*~tactically~*~*~ (outnumbered).
  2526 | D:2      | 2526 ||| Stepping ~*~*~tactically~*~*~ (outnumbered).
  2527 | D:2      | 2527 ||| CASTING Summon Small Mammal
  2530 | D:2      | 2530 ||| CASTING Summon Small Mammal
  2530 | D:2      | HP: 7/36 [gnoll/+0 flail (9)]
  2531 | D:2      | Slain by a gnoll

Levels and vault maps discovered:
D:1:      saegor_arrival_simple_d, layout_rooms
D:2:      layout_rooms, shapermc_ecumenical_altar_ellora,
          kennysheep_generic_room_10

Skill      XL: |  1  2  3 |
---------------+----------+-----
Axes           | 1 2 |  2.6
Fighting       | 1 2 |  2.0
Dodging        | |  1.7
Stealth        | |  2.1
Spellcasting   | |  1.7
Summonings     | |  3.6

Action                   |  1- 3 |  4- 6 || total
-------------------------+-------+-------++-------
Melee: Unarmed           |    23 |       ||    23
       Short sword       |    36 |       ||    36
       Whip              |    59 |     9 ||    68
 Cast: Summon Small Mamm |    90 |     8 ||    98
  Use: Scroll            |     3 |       ||     3
       Potion            |     1 |       ||     1
 Stab: Distracted        |     1 |       ||     1
Armor: Robe              |    10 |       ||    10
       Ring mail         |    32 |    12 ||    44
Dodge: Dodged            |    84 |     7 ||    91

Table legend:
 A = Non-vault XP
 B = Vault XP
 C = Vault XP percentage of total XP
 D = Non-vault monster count
 E = Vault monster count
 F = Vault count percentage of total count
                 A         B        C        D         E       F
            +---------+---------+-------+---------+---------+-------
      Total |      88 |       0 |   0.0 |      44 |       0 |   0.0
            +---------+---------+-------+---------+---------+-------
        D:1 |      43 |       0 |   0.0 |      26 |       0 |   0.0
        D:2 |      45 |       0 |   0.0 |      18 |       0 |   0.0
            +---------+---------+-------+---------+---------+-------
